 Dungeon Crawl Stone Soup version 0.29-a0-1047-g7c58e119a4 (webtiles) character file.

Game seed: 15464388340668499399

5 IdlyInterested the Magician (level 1, 0/15 HPs)
             Began as a Demonspawn Wanderer on Aug 16, 2022.
             Slain by a goblin
             ... wielding a +0 club
              (1 damage)
             ... on level 1 of the Dungeon.
             The game lasted 00:01:23 (398 turns).

IdlyInterested the Magician (Demonspawn Wanderer)    Turns: 398, Time: 00:01:23

Health: 0/15       AC:  6    Str: 13    XL:     1   Next: 66%
Magic:  4/4        EV:  8    Int: 13    God:
Gold:   38         SH:  0    Dex: 11    Spells: 5/6 levels left

rFire   . . .      SeeInvis .   a - +0 club
rCold   . . .      Faith    .   (no shield)
rNeg    . . .      Spirit   .   c - +0 scale mail
rPois   .          Reflect  .   (no helmet)
rElec   .          Harm     .   (no cloak)
rCorr   .          Rampage  .   (no gloves)
Will    .....                   (no boots)
Stlth   ..........              (no amulet)
HPRegen 0.05/turn               (no ring)
MPRegen 0.09/turn               (no ring)

@: no status effects
A: no striking features
a: no special abilities


You were on level 1 of the Dungeon.
You visited 1 branch of the dungeon, and saw 1 of its levels.

You collected 38 gold pieces.

Inventory:

Hand Weapons
 a - a +0 club (weapon)
Missiles
 d - 4 poisoned darts (quivered)
Armour
 c - a +0 scale mail (worn)
 g - a +0 chain mail
Scrolls
 e - a scroll of magic mapping {unknown}
Potions
 f - a potion of heal wounds {unknown}


   Skills:
 * Level 1.5 Fighting
 - Level 1.0 Armour
 + Level 0.4 Dodging
 - Level 3.0 Spellcasting
 - Level 1.0 Ice Magic
 - Level 2.6 Air Magic
 - Level 1.2 Invocations


You had 5 spell levels left.
You knew the following spells:

 Your Spells              Type           Power      Damage    Failure   Level
a - Freeze                Ice            16%        1d4       58%         1

Your spell library contained the following spells:

 Spells                   Type           Power      Damage    Failure   Level
 Shock                    Conj/Air       20%        1d4       54%         1
 Frozen Ramparts          Ice            8%         1d2       91%         3
 Airstrike                Air            4%         2d(1-17)  98%         4
 Corpse Rot               Necr/Pois/Air  4%         N/A       100%        4


Dungeon Overview and Level Annotations

Branches:
Dungeon (1/15)

Altars:


Message History

The giant cockroach is moderately wounded.
The giant cockroach barely misses you. The hobgoblin barely misses you.
The giant cockroach bites you but does no damage.
The hobgoblin hits you.
* * * LOW HITPOINT WARNING * * *
You hit the giant cockroach.
The giant cockroach is heavily wounded.
The giant cockroach bites you but does no damage.
The hobgoblin hits you but does no damage.
You closely miss the giant cockroach.
The giant cockroach is heavily wounded.
The giant cockroach bites you but does no damage.
The hobgoblin closely misses you.
The giant cockroach waves its antennae.
The giant cockroach bites you but does no damage.
You hit the giant cockroach.
The giant cockroach is severely wounded.
The giant cockroach bites you but does no damage.
The hobgoblin hits you.
* * * LOW HITPOINT WARNING * * *
The hobgoblin barely misses you. The giant cockroach barely misses you.
You aren't carrying any items that you can evoke.
As you read the scroll of fear, it crumbles to dust.
You assume a fearsome visage.
The giant cockroach looks frightened!
The hobgoblin looks frightened!
The goblin looks frightened!
The hobgoblin gibbers meaninglessly.
There are monsters nearby!
There are monsters nearby!
There are monsters nearby!
You start resting.
A hobgoblin is nearby!
The goblin shouts!
The goblin seems to regain its courage.
You hit the goblin but do no damage. The goblin closely misses you.
You closely miss the goblin. The goblin hits you but does no damage.
You barely miss the goblin. The goblin hits you but does no damage.
The goblin hits you with a +0 club.
* * * LOW HITPOINT WARNING * * *
You closely miss the goblin. The goblin hits you with a +0 club.
You die...

#......##.......#
##.##.#.........##
#........####.#....
#...............###
#.....#.#####.###
#.....#.# #......g#
#.##.##g# # #. #@#
#g #†# #. #.# ...
#.# #.# ... #.#


You could see a hobgoblin and a goblin.

Vanquished Creatures
  2 endoplasms (D:1)
  A goblin (D:1)
  A ball python (D:1)
  A rat (D:1)
5 creatures vanquished.

Notes
Turn   | Place    | Note
-------+----------+-------------------------------------------
     0 | D:1      | IdlyInterested the Demonspawn Wanderer began the quest for
                  | the Orb.
     0 | D:1      | IdlyInterested set off with the following items: a +0 club,
                  | a scroll of fear, a +0 scale mail; and the following spells
                  | available to memorise: Shock, Freeze, Frozen Ramparts,
                  | Airstrike, Corpse Rot.
     0 | D:1      | Reached XP level 1. HP: 15/15 MP: 4/4
     2 | D:1      | Learned a level 1 spell: Freeze
   398 | D:1      | Slain by a goblin

Illustrated notes

Levels and vault maps discovered:
D:1:      wheals_arrival_shading, layout_loops_cross

Action                   || total
-------------------------++-------
Melee: Club              ||    31
  Use: Scroll            ||     1
Armor: Scale mail        ||    27
Dodge: Dodged            ||    22

Table legend: (Time is in decaauts)
 A = Elapsed time spent in this place.
 B = Non-inter-level travel time spent in this place.
 C = Inter-level travel time spent in this place.
 D = Time resting spent in this place.
 E = Time spent auto-exploring this place.
 F = Levels seen in this place.
 G = Mean time per level.
                   A        B        C        D        E       F      G
               +--------+--------+--------+--------+--------+-----+--------+
         Total |    407 |    407 |      0 |    204 |    106 |   1 |  407.0 |
       Dungeon |    407 |    407 |      0 |    204 |    106 |   1 |  407.0 |
               +--------+--------+--------+--------+--------+-----+--------+

Top non-repeatable levels by time:
     D:1: 407 daAuts
